| 8 | 0:00 | SCV | |
| 9 | 0:12 | SCV | |
| 10 | 0:24 | SCV | |
| 11 | 0:37 | SCV | |
| 11 | 0:39 | Supply Depot | |
| 12 | 0:49 | SCV | |
| 13 | 0:56 | Refinery | |
| 13 | 1:01 | SCV | |
| 14 | 1:06 | Barracks | |
| 14 | 1:13 | SCV | |
| 15 | 1:25 | SCV | |
| 16 | 1:37 | SCV | |
| 17 | 1:53 | Orbital Command | |
| 17 | 1:54 | Reaper | |
| 18 | 2:09 | Command Center | |
| 18 | 2:18 | SCV | |
| 19 | 2:24 | Factory | |
| 19 | 2:30 | SCV | |
| 19 | 2:36 | Barracks Reactor | |
| 20 | 2:39 | Refinery | |
| 20 | 2:43 | SCV | |
| 21 | 2:47 | Supply Depot | |
| 21 | 3:08 | SCV | |
| 21 | 3:09 | Starport | |
| 22 | 3:21 | Hellion | |
| 22 | 3:22 | Hellion | |
| 22 | 3:23 | SCV | |
| 22 | 3:25 | Orbital Command | |
| 27 | 3:35 | SCV | |
| 27 | 3:38 | Barracks Tech Lab | |
| 28 | 3:47 | SCV | |
| 29 | 3:55 | Viking | |
| 31 | 3:56 | SCV | |
| 31 | 3:59 | SCV | |
| 31 | 4:02 | Supply Depot | |
| 33 | 4:05 | Hellion | |
| 33 | 4:07 | Hellion | |
| 33 | 4:08 | SCV | |
| 38 | 4:13 | SCV | |
| 39 | 4:20 | SCV | |
| 40 | 4:25 | SCV | |
| 40 | 4:26 | Supply Depot | |
| 40 | 4:28 | Hellion | |
| 40 | 4:29 | Hellion | |
| 45 | 4:32 | SCV | |
| 46 | 4:38 | SCV | |
| 46 | 4:41 | Banshee | |
| 46 | 4:42 | Cloaking Field | |
| 50 | 4:48 | SCV | |
| 50 | 4:49 | Supply Depot | |
| 51 | 5:01 | Hellion x2 | |
| 51 | 5:03 | SCV | |
| 51 | 5:06 | Command Center | |
| 56 | 5:15 | SCV | |
| 56 | 5:16 | SCV | |
| 56 | 5:18 | Factory | |
| 58 | 5:25 | Hellion x2 | |
| 58 | 5:27 | Banshee | |
| 65 | 5:39 | SCV | |
| 66 | 5:43 | Supply Depot | |
| 66 | 5:44 | Factory | |
| 66 | 5:56 | SCV | |
| 65 | 6:05 | Hellion x2 | |
| 60 | 6:16 | SCV | |
| 60 | 6:17 | Factory | |
| 57 | 6:20 | Cyclone | |
| 57 | 6:21 | Mag-Field Accelerator | |
| 57 | 6:22 | SCV | |
| 61 | 6:26 | Refinery | |
| 61 | 6:27 | Refinery | |
| 61 | 6:28 | SCV | |
| 62 | 6:34 | Engineering Bay, SCV | |
| 63 | 6:40 | SCV | |
| 63 | 6:46 | SCV | |
| 65 | 6:49 | Hellion x2, Factory Tech Lab | |
| 65 | 6:52 | SCV | |
| 70 | 6:59 | SCV | |
| 71 | 7:02 | Factory Tech Lab | |
| 71 | 7:03 | Factory | |
| 71 | 7:04 | SCV | |
| 72 | 7:11 | Siege Tank, Cyclone | |
| 72 | 7:12 | Hellion x2 | |
| 72 | 7:13 | SCV | |
| 72 | 7:14 | Supply Depot | |
| 83 | 7:15 | Supply Depot | |
| 83 | 7:17 | Orbital Command | |
| 83 | 7:21 | SCV | |
| 84 | 7:22 | Missile Turret | |
| 84 | 7:25 | SCV | |
| 85 | 7:37 | Cyclone | |
| 85 | 7:38 | Hellion x2, Infernal Pre-Igniter | |
| 85 | 7:43 | Siege Tank | |
| 95 | 7:46 | Cyclone | |
| 95 | 7:50 | Refinery | |
| 96 | 7:53 | Factory Tech Lab | |
| 96 | 7:54 | SCV x2, Armory | |
| 96 | 7:56 | SCV | |
| 96 | 7:57 | Refinery | |
| 99 | 7:59 | Hellion | |
| 101 | 8:10 | Hellion | |
| 101 | 8:12 | Supply Depot | |
| 103 | 8:15 | SCV, Cyclone, Siege Tank, Supply Depot | |
| 110 | 8:29 | SCV | |
| 110 | 8:33 | SCV, Siege Tank | |
| 115 | 8:35 | Supply Depot | |
| 115 | 8:39 | Armory | |
| 115 | 8:40 | Hellion x2, SCV | |
| 120 | 8:42 | Supply Depot | |
| 114 | 8:56 | Cyclone, Siege Tank, Hellion | |
| 118 | 9:05 | Hellion | |
| 118 | 9:06 | Cyclone | |
| 123 | 9:11 | Hellion | |
| 123 | 9:15 | Terran Vehicle Weapons Level 1, SCV x2 | |
| 123 | 9:16 | Supply Depot | |
| 127 | 9:18 | Siege Tank, SCV | |
| 127 | 9:20 | Command Center | |
| 127 | 9:21 | Supply Depot | |
| 131 | 9:27 | SCV | |
| 131 | 9:28 | Factory | |
| 131 | 9:29 | Cyclone, Hellion | |
| 132 | 9:55 | Cyclone, Siege Tank, Hellion | |
| 121 | 10:08 | Cyclone, Siege Tank | |
| 121 | 10:09 | Hellion, Terran Vehicle And Ship Armor Level 1 | |
| 121 | 10:10 | SCV x3 | |
| 132 | 10:20 | Factory Tech Lab | |
| 132 | 10:22 | SCV x3 | |
| 132 | 10:25 | Supply Depot | |
| 132 | 10:26 | Missile Turret | |
| 132 | 10:29 | Missile Turret | |
| 132 | 10:30 | Supply Depot | |
| 132 | 10:34 | SCV x2 | |
| 134 | 10:36 | Cyclone, Siege Tank, Hellion | |
| 134 | 10:40 | Cyclone | |
| 134 | 10:41 | Siege Tank, Hellion, Orbital Command | |
| 146 | 10:50 | Cyclone | |
| 145 | 10:58 | Hellion | |
| 145 | 11:02 | Hellion | |
| 149 | 11:08 | Siege Tank, Cyclone | |
| 155 | 11:13 | Siege Tank | |
| 158 | 11:18 | Cyclone | |
| 158 | 11:19 | Hellion, Terran Vehicle Weapons Level 2 | |
| 158 | 11:22 | Siege Tank | |
| 151 | 11:37 | Hellion | |
| 153 | 11:40 | Cyclone, Siege Tank | |
| 153 | 11:42 | Orbital Command | |
| 153 | 11:43 | Hellion, Starport Reactor | |
| 153 | 11:45 | Cyclone | |
| 155 | 11:50 | Siege Tank | |
| 147 | 11:54 | Cyclone | |
| 147 | 11:57 | SCV x2 | |
| 147 | 11:58 | Missile Turret | |
| 149 | 12:01 | Missile Turret | |
| 149 | 12:04 | Hellion, SCV | |
| 149 | 12:05 | Refinery | |
| 151 | 12:09 | SCV | |
| 151 | 12:10 | Refinery | |
| 151 | 12:12 | Cyclone, Siege Tank | |
| 151 | 12:14 | Hellion | |
| 137 | 12:17 | Cyclone | |
| 137 | 12:22 | Siege Tank | |
| 127 | 12:25 | Hellion, SCV x3 | |
| 127 | 12:26 | Cyclone | |
| 131 | 12:32 | Missile Turret | |
| 131 | 12:33 | Sensor Tower | |
| 131 | 12:34 | SCV | |
| 131 | 12:35 | Hellion | |
| 134 | 12:37 | SCV x2 | |
| 134 | 12:38 | SCV | |
| 134 | 12:43 | Terran Vehicle And Ship Armor Level 2 | |
| 137 | 12:44 | Cyclone | |
| 137 | 12:45 | Hellion | |
| 137 | 12:46 | SCV | |
| 137 | 12:51 | Orbital Command | |
| 143 | 12:56 | Command Center | |
| 143 | 12:58 | Cyclone, Siege Tank | |
| 149 | 13:02 | Hellion | |
| 150 | 13:07 | Cyclone, Hellion | |
| 155 | 13:15 | SCV | |
| 156 | 13:29 | Sensor Tower, Cyclone | |
| 156 | 13:30 | Siege Tank, Missile Turret, Hellion x2 | |
| 156 | 13:31 | SCV, Missile Turret | |
| 167 | 13:39 | SCV | |
| 167 | 13:46 | SCV | |
| 167 | 13:47 | Engineering Bay, Supply Depot | |
| 168 | 13:51 | Liberator x2 | |
| 168 | 13:53 | Terran Vehicle Weapons Level 3 | |
| 174 | 14:05 | Cyclone, Siege Tank, Hellion | |
| 182 | 14:11 | Supply Depot | |
| 180 | 14:40 | Liberator x2 | |
| 172 | 14:58 | Cyclone, Thor, Siege Tank, Hellion | |
| 186 | 15:15 | Hellion | |
| 186 | 15:16 | Terran Vehicle And Ship Armor Level 3 | |
| 183 | 15:25 | Liberator | |
| 158 | 15:30 | Liberator | |
| 158 | 15:33 | SCV | |
| 158 | 15:34 | Starport | |
| 153 | 15:36 | Command Center | |
| 153 | 15:40 | Cyclone, Siege Tank | |
| 153 | 15:41 | Hellion, Cyclone | |
| 153 | 15:42 | Siege Tank, Hellion | |
| 169 | 15:43 | Planetary Fortress | |
| 169 | 15:47 | Cyclone | |
| 169 | 15:49 | Missile Turret | |
| 172 | 15:53 | Factory | |
| 172 | 16:02 | Hellion | |
| 174 | 16:08 | Hellion | |
| 176 | 16:12 | Siege Tank | |
| 176 | 16:13 | Cyclone, Siege Tank | |
| 176 | 16:14 | Cyclone | |
| 188 | 16:20 | Hellion | |
| 190 | 16:26 | Hellion | |
| 190 | 16:30 | Terran Ship Weapons Level 1 | |
| 190 | 16:31 | Hellion | |
| 189 | 16:41 | Cyclone | |
| 189 | 16:43 | Hellion | |
| 189 | 16:44 | Liberator | |
| 189 | 16:45 | Siege Tank | |
| 184 | 17:02 | Cyclone, Siege Tank | |
| 184 | 17:03 | Hellion | |
| 184 | 17:07 | Cyclone, Hellion | |
| 159 | 17:11 | Hellion | |
| 159 | 17:13 | Siege Tank | |
| 156 | 17:15 | Orbital Command | |
| 156 | 17:17 | Cyclone | |
| 156 | 17:24 | Hellion | |
| 150 | 17:34 | Cyclone x2 | |
| 153 | 17:39 | Hellion, Siege Tank | |
| 153 | 17:43 | Hellion | |
| 160 | 17:45 | Cyclone | |
| 160 | 17:49 | Cyclone | |
| 166 | 17:52 | Hellion | |
| 165 | 18:06 | Cyclone, Siege Tank | |
| 165 | 18:11 | Missile Turret | |
| 165 | 18:12 | Refinery | |
| 171 | 18:13 | Refinery | |
| 171 | 18:14 | Cyclone | |
| 171 | 18:15 | Hellion | |
| 171 | 18:17 | Siege Tank | |
| 179 | 18:27 | Orbital Command, Cyclone, Hellion | |
| 182 | 18:28 | Command Center | |
| 182 | 18:29 | Neosteel Armor | |
| 182 | 18:30 | Supply Depot | |
| 182 | 18:31 | Supply Depot | |
| 184 | 18:38 | Siege Tank | |
| 187 | 18:44 | Cyclone, Hellion, Factory Tech Lab | |
| 187 | 18:46 | Siege Tank | |
| 195 | 18:51 | Cyclone, Hellion | |
| 193 | 19:13 | Cyclone, Siege Tank | |
| 164 | 19:38 | Cyclone, Siege Tank | |
| 164 | 19:39 | Hellion | |
| 164 | 19:44 | Cyclone, Siege Tank | |
| 164 | 19:45 | Hellion, Starport Reactor, Liberator x2 | |
| 177 | 20:00 | Refinery | |
| 176 | 20:08 | Cyclone, Siege Tank, Hellion | |
| 176 | 20:13 | Cyclone | |
| 176 | 20:14 | Siege Tank, Hellion | |
| 192 | 20:24 | Liberator | |
| 195 | 20:30 | Factory | |
| 195 | 20:33 | Fusion Core | |
| 195 | 20:46 | Cyclone | |
| 195 | 20:48 | Hellion | |
| 191 | 21:19 | Missile Turret | |
| 191 | 21:23 | Advanced Ballistics | |
| 191 | 21:24 | Liberator x2 | |
| 197 | 21:32 | Liberator | |
| 181 | 21:55 | Cyclone | |
| 181 | 21:58 | Cyclone, Siege Tank | |
| 181 | 21:59 | Hellion | |
| 181 | 22:02 | Cyclone | |
| 181 | 22:03 | Hellion | |
| 186 | 22:13 | Cyclone, Hellion | |
| 191 | 22:20 | Hellion | |
| 193 | 22:24 | Hellion | |
| 193 | 22:27 | Cyclone | |
| 198 | 22:31 | Hellion | |
| 198 | 22:47 | Refinery | |
| 198 | 22:50 | Refinery | |
| 193 | 23:16 | Cyclone, Siege Tank | |
| 187 | 23:37 | Cyclone | |
| 184 | 23:47 | Cyclone | |
| 176 | 23:48 | Cyclone, Siege Tank | |
| 176 | 23:49 | Hellion | |
| 176 | 23:54 | Cyclone, Siege Tank, Hellion | |
| 193 | 24:10 | Hellion | |
| 193 | 24:16 | Hellion | |